 Dungeon Sprint DCSS version 0.17.1-3-g152610e (webtiles) character file.

72 EginhardtG the Covert (level 4, -2/29 HPs)
             Began as a Kobold Assassin on Mar 19, 2016.
             Was a Believer of Dithmenos.
             Slain by a gnoll sergeant
             ... wielding a +3 spear of piercing
              (3 damage)
             ... in the Dungeon (Sprint VII: "The Pits").
             The game lasted 00:01:42 (83 turns).

EginhardtG the Covert (Kobold Assassin)               Turns: 83, Time: 00:01:44

Health: -2/29      AC:  3    Str:  9    XL:     4   Next: 48%
Magic:  4/4        EV: 16    Int:  9    God:    Dithmenos [**....]
Gold:   0          SH:  0    Dex: 18    Spells: 0 memorised, 3 levels left

rFire  . . .     SeeInvis .     a - +2 dagger
rCold  . . .     Clarity  .     c - +0 robe
rNeg   . . .     SustAt   .     (shield restricted)
rPois  .         Gourm    .     (no helmet)
rElec  .         Spirit   .     d - +0 cloak
rCorr  .         Warding  .     (no gloves)
rMut   .         NoTele   +     (no boots)
MR     .....                    (no amulet)
Stlth  ++++++....               (no ring)
                                (no ring)

@: wreathed by umbra, not resistant to hostile enchantments, very stealthy
A: carnivore 3
a: Shadow Step, Renounce Religion


You were in the Dungeon.
You worshipped Dithmenos.
Dithmenos was pleased with you.
You were not hungry.

You visited 1 branch

Inventory:

Hand Weapons
 a - a +2 dagger (weapon)
 b - a +0 blowgun
Missiles
 e - 8 poisoned needles
 f - 2 curare-tipped needles
Armour
 c - a +0 robe (worn)
 d - a +0 cloak (worn)
Scrolls
 m - a scroll of blinking
 o - 3 scrolls of remove curse
 p - 5 scrolls of amnesia
 q - a scroll of summoning
Potions
 h - a potion of curing
 j - a potion of haste
 k - 4 potions of magic
 l - 3 potions of berserk rage
 n - 2 potions of invisibility
Comestibles
 g - 8 meat rations


   Skills:
 + Level 3.8 Fighting
 + Level 5.4 Short Blades
 - Level 2.8 Throwing
 + Level 3.2 Dodging
 + Level 9.5 Stealth


You had 3 spell levels left.
You didn't know any spells.

Dungeon Overview and Level Annotations

Branches:
Dungeon (1/1)

Altars:
Ashenzari
Cheibriados
Dithmenos
Elyvilon
Fedhas
Kikubaaqudgha
Makhleb
Nemelex Xobeh
Okawaru
Ru
Sif Muna
Trog
Vehumet
Xom
Yredelemnul
Zin
The Shining One
Beogh
Jiyva
Lugonu


Innate Abilities, Weirdness & Mutations

You are small and have problems with some larger weapons.
You are carnivorous and can eat meat at any time.


Message History

The gnoll hits you from afar with a halberd!
You closely miss the gnoll.
The gnoll is moderately wounded.
The gnoll sergeant hits you from afar with a spear of piercing!
* * * LOW HITPOINT WARNING * * *
x2 The gnoll misses you.
Drink which item? (? for menu, Esc to quit)
You feel much better. The gnoll sergeant closely misses you.
The gnoll barely misses you. The gnoll closely misses you.
You hit the gnoll.
The gnoll is severely wounded.
The gnoll sergeant hits you from afar with a spear of piercing!
The gnoll completely misses you.
You hit the gnoll.
You kill the gnoll!
Dithmenos accepts your kill.
Your Dodging skill increases to level 3!
The gnoll sergeant hits you from afar with a spear of piercing!
* * * LOW HITPOINT WARNING * * *
You die...

#)))#.#?(##......#..#
#######'#####..........
#.........†.'..........
#+#####'#####......#..#
#.....# #..........
#.....# ####'#####+
###'### #.......#
#..(..# #.......#
#...@.# #.......#
####Z## #...<...#
#..ggg...##.......#
#....g..g##.......#
###########.......#
#########


You could see a gnoll sergeant, 3 gnolls and an adder zombie.

Vanquished Creatures
  2 worker ants (D)
  2 gnolls (D)
  An adder (D)
  A giant gecko (D)
  A kobold (D)
  A ball python (D)
  A giant newt (D)
9 creatures vanquished.

Notes
Turn   | Place    | Note
--------------------------------------------------------------
     0 | D        | EginhardtG the Kobold Assassin began the quest for the Orb.
     0 | D        | Reached XP level 1. HP: 12/12 MP: 1/1
    11 | D        | Reached skill level 6 in Stealth
    26 | D        | Found a sacrificial altar of Ru.
    26 | D        | Found a basalt altar of Yredelemnul.
    26 | D        | Found a glowing golden altar of the Shining One.
    26 | D        | Found a deep blue altar of Sif Muna.
    26 | D        | Found a burning altar of Makhleb.
    26 | D        | Found an ancient bone altar of Kikubaaqudgha.
    26 | D        | Found a glowing silver altar of Zin.
    27 | D        | Found a shadowy altar of Dithmenos.
    27 | D        | Found a bloodstained altar of Trog.
    27 | D        | Found a shattered altar of Ashenzari.
    27 | D        | Found a white marble altar of Elyvilon.
    27 | D        | Found a snail-covered altar of Cheibriados.
    27 | D        | Found a blossoming altar of Fedhas.
    27 | D        | Found a radiant altar of Vehumet.
    27 | D        | Found a shimmering altar of Xom.
    27 | D        | Found a sparkling altar of Nemelex Xobeh.
    27 | D        | Found a corrupted altar of Lugonu.
    27 | D        | Found a viscous altar of Jiyva.
    27 | D        | Found a roughly hewn altar of Beogh.
    27 | D        | Found an iron altar of Okawaru.
    29 | D        | Became a worshipper of Dithmenos the Shadowed
    45 | D        | Noticed a worker ant
    47 | D        | Reached skill level 7 in Stealth
    47 | D        | Reached XP level 2. HP: 18/18 MP: 2/2
    49 | D        | Killed a worker ant
    49 | D        | Reached skill level 8 in Stealth
    49 | D        | Reached XP level 3. HP: 22/22 MP: 3/3
    53 | D        | Reached * piety under Dithmenos
    58 | D        | Noticed a gnoll sergeant
    58 | D        | Noticed a worker ant
    59 | D        | Reached skill level 9 in Stealth
    69 | D        | Killed a worker ant
    69 | D        | Reached ** piety under Dithmenos
    69 | D        | Reached skill level 5 in Short Blades
    69 | D        | Reached XP level 4. HP: 24/29 MP: 4/4
    80 | D        | HP: 1/29 [gnoll sergeant/spear of piercing (1)]
    83 | D        | Slain by a gnoll sergeant

Action                   |  1- 3 |  4- 6 || total
-------------------------+-------+-------++-------
Melee: Dagger            |    15 |    13 ||    28
  Use: Potion            |       |     1 ||     1
 Stab: Sleeping          |     4 |       ||     4
       Distracted        |     1 |       ||     1
